[Event "Int SVK-ch Open 2020"]
[Site "Drienica"]
[Date "2020.08.13"]
[Round "6.13"]
[White "Kravec, Patrik"]
[Black "Skovran, Jaroslav"]
[Result "1-0"]
[ECO "B01"]
[WhiteElo "2119"]
[BlackElo "1975"]
[Annotator "ChessBase"]
[PlyCount "49"]
[EventDate "2020.08.07"]
[EventType "swiss"]
[EventCountry "SVK"]
[TimeControl "40/5400+30:1800+30"]

1. e4 d5 2. exd5 Qxd5 3. Nc3 Qa5 4. b4 Qe5+ 5. Be2 Bg4 6. d4 Bxe2 7. Ngxe2 Qf5 8. O-O c6 9. Ng3 Qc8 10. Nce4 e6 11. Bf4 Nf6 12. Nxf6+ gxf6 13. Ne4 Qd8 14. Rb1 Be7 15. c3 Qd5 16. Qe2 Qf5 17. Bd6 Rg8 18. b5 b6 19. Rfe1 Kd7 20. Bg3 c5 21. dxc5 Bxc5 22. Rbd1+ Kc8 23. Nxc5 bxc5 24. Qd2 Kb7 25. Qd6 1-0

[Event "Int SVK-ch Open 2020"]
[Site "Drienica"]
[Date "2020.08.12"]
[Round "6.13"]
[White "Furman, Maximilian Jan"]
[Black "Stanko, Ivan"]
[Result "1/2-1/2"]
[ECO "B30"]
[WhiteElo "1598"]
[BlackElo "1848"]
[Annotator "NA RC"]
[PlyCount "96"]
[EventDate "2020.08.07"]
[EventType "swiss"]
[EventCountry "SVK"]
[SourceTitle "playchess.com"]
[Source "ChessBase"]
[SourceQuality "1"]
[TimeControl "40/5400+30:1800+30"]

1. e4 c5 2. Nf3 Nc6 3. Bb5 e6 4. O-O Nf6 5. Re1 Be7 6. c3 {[%emt 0:01:26] B30: Sicilian: 2...Nc6 3 Bb5, lines without ...g6.} O-O 7. d4 cxd4 {[%emt 0:05:13] [#]} 8. Nxd4 $146 ({Predecessor:} 8. cxd4 a6 9. Ba4 b5 10. Bc2 Nb4 11. Bb3 Bb7 12. a3 Nc6 13. d5 exd5 14. exd5 {1-0 (26) Abdullahi,G (1868)-Kamya,D (1686) Kampala 2020}) 8... Nxd4 9. cxd4 a6 10. Bd3 d6 11. Nc3 e5 12. dxe5 dxe5 13. Bc4 Bg4 14. f3 Qb6+ 15. Kh1 Be6 16. Bxe6 Qxe6 17. Qe2 Nh5 18. Nd5 Rac8 19. Be3 Bh4 20. Rec1 f5 21. Kg1 fxe4 22. fxe4 Nf4 23. Bxf4 exf4 24. Rxc8 Qxc8 25. Nc3 Qc5+ 26. Kh1 Qe5 27. Rd1 b5 28. a3 Rd8 29. Rxd8+ Bxd8 30. Qd3 Bf6 31. Qd7 Qc5 32. Qe8+ Qf8 33. Qe6+ {[%emt 0:00:22] Double Attack} Kh8 34. Qxa6 Qd8 35. h3 h6 36. Qxb5 Qd2 37. Ne2 Qe1+ 38. Kh2 f3 39. gxf3 Qf2+ 40. Kh1 Qxf3+ {[%emt 0:01:38] Double Attack} 41. Kg1 Bg5 42. Qf5 $2 (42. h4 $11 Qg4+ 43. Kh2 Qxh4+ 44. Kg2) 42... Be3+ ({Stronger than} 42... Qxe2 43. Qc8+ Kh7 44. Qf5+ Kh8 45. Qf8+ Kh7 46. Qf5+ Kh8 $11) 43. Kh2 Qxe2+ {[%emt 0:01:12] Double Attack} 44. Kg3 Qe1+ 45. Kg2 Qg1+ 46. Kf3 Qf2+ 47. Kg4 Qe2+ $2 (47... Qg2+ {mates} 48. Kh4 Bf2+ 49. Kh5 {[#]} g6+ $1 {[%mdl 576] Double Attack} 50. Kxh6 Be3+ {[%mdl 64] Discovered Attack} 51. Qg5 Qxg5#) 48. Kg3 $19 Qe1+ 1/2-1/2

[Event "Int SVK-ch Open 2020"]
[Site "Drienica"]
[Date "2020.08.13"]
[Round "6.14"]
[White "Panko Eduard st."]
[Black "Stevik, Patrik"]
[Result "1-0"]
[ECO "C40"]
[WhiteElo "1958"]
[BlackElo "2047"]
[Annotator "ChessBase"]
[PlyCount "91"]
[EventDate "2020.08.07"]
[EventType "swiss"]
[EventCountry "SVK"]
[TimeControl "40/5400+30:1800+30"]

1. e4 e5 2. Nf3 c6 3. Nxe5 Nf6 4. Nc3 Qe7 5. Ng4 Nxe4 6. Nxe4 Qxe4+ 7. Ne3 d5 8. Bd3 Qh4 9. Qf3 Bd6 10. g3 Qh6 11. Bf5 Be6 12. d4 Qf6 13. c3 Nd7 14. Qg4 h5 15. Qh3 g5 16. Bxe6 fxe6 17. Bd2 g4 18. Qg2 e5 19. h3 Rg8 20. hxg4 hxg4 21. O-O-O O-O-O 22. Nc2 Rdf8 23. Be3 Qf5 24. Rh6 Be7 25. Rh2 Bg5 26. Bxg5 Rxg5 27. Ne3 Qf6 28. Rd2 exd4 29. cxd4 Rg7 30. Rh4 Qe6 31. Qh1 Rxf2 32. Rxf2 Qxe3+ 33. Rd2 Qxg3 34. Rh8+ Kc7 35. Qh6 Rf7 36. Qg5 Rf6 37. Rh7 Qf3 38. Rg7 Qf1+ 39. Rd1 Qc4+ 40. Kb1 Rf2 41. Rxd7+ Kxd7 42. Qxg4+ Ke7 43. Re1+ Kf8 44. Qc8+ Kf7 45. Qe8+ Kg7 46. Rg1+ 1-0

[Event "Int SVK-ch Open 2020"]
[Site "Drienica"]
[Date "2020.08.12"]
[Round "6.14"]
[White "Sosovickova, Jana"]
[Black "Janik, Marek Tobias"]
[Result "1/2-1/2"]
[ECO "B34"]
[WhiteElo "1829"]
[BlackElo "1549"]
[Annotator "NA"]
[PlyCount "57"]
[EventDate "2020.08.07"]
[EventType "swiss"]
[EventCountry "SVK"]
[SourceTitle "playchess.com"]
[Source "ChessBase"]
[SourceQuality "1"]
[TimeControl "40/5400+30:1800+30"]

1. e4 c5 2. Nf3 Nc6 3. d4 cxd4 4. Nxd4 Nf6 5. Nc3 e5 6. Nf3 Bb4 7. Bd3 Bxc3+ 8. bxc3 O-O 9. O-O d6 10. h3 {[%emt 0:04:37] B33: Sicilian: Pelikan and Sveshnikov Variations.} h6 11. Re1 Be6 {[%emt 0:02:33] [#]} 12. Ba3 $146 ({Predecessor:} 12. a4 a6 13. Ba3 Qc7 14. Bf1 Rfd8 15. Qd2 Rd7 16. Qe3 Na5 17. Nd2 Rc8 18. Bb4 Nc6 19. Bd3 Rcd8 20. Rac1 Ne7 21. Nb3 Nc6 22. Red1 Kf8 23. Rd2 Nxb4 24. cxb4 Bxb3 {0-1 (24) Kulak,T (1299)-Kowalczyk,F (1254) Szczyrk 2014}) 12... Qc7 13. Nh4 Rad8 14. Qf3 Rfe8 15. Bb2 Na5 16. Nf5 Bxf5 17. Qxf5 Nc6 18. Rab1 a6 19. Re3 Kh8 20. Rg3 Qe7 ({Black should try} 20... b5 $17) 21. Rf3 Qc7 22. h4 Ne7 23. Qh3 d5 24. Re3 d4 25. cxd4 exd4 26. Re2 Ng6 27. Bc1 $11 b5 28. g3 Ne5 29. Bf4 1/2-1/2

[Event "Int SVK-ch Open 2020"]
[Site "Drienica"]
[Date "2020.08.13"]
[Round "6.15"]
[White "Kardis, Benjamin"]
[Black "Geffert, Peter"]
[Result "1/2-1/2"]
[ECO "B20"]
[WhiteElo "2042"]
[BlackElo "1857"]
[Annotator "ChessBase"]
[PlyCount "34"]
[EventDate "2020.08.07"]
[EventType "swiss"]
[EventCountry "SVK"]
[TimeControl "40/5400+30:1800+30"]

1. e4 c5 2. c4 d6 3. Nc3 Nc6 4. d3 Nf6 5. g3 e5 6. Bg2 a6 7. Nge2 Be6 8. O-O g6 9. h3 Bg7 10. Be3 O-O 11. f4 Nd4 12. g4 Bxg4 13. hxg4 Nxg4 14. Bf2 Nxe2+ 15. Qxe2 f5 16. exf5 gxf5 17. Bf3 exf4 1/2-1/2

[Event "Int SVK-ch Open 2020"]
[Site "Drienica"]
[Date "2020.08.12"]
[Round "6.15"]
[White "Holicky, Miroslav"]
[Black "Magda, Filip"]
[Result "1/2-1/2"]
[ECO "A49"]
[WhiteElo "1805"]
[BlackElo "1266"]
[Annotator "NA"]
[PlyCount "75"]
[EventDate "2020.08.07"]
[EventType "swiss"]
[EventCountry "SVK"]
[SourceTitle "playchess.com"]
[Source "ChessBase"]
[SourceQuality "1"]
[TimeControl "40/5400+30:1800+30"]

1. d4 Nf6 2. Nf3 g6 3. g3 Bg7 4. Bg2 O-O 5. O-O d6 6. Nbd2 Bd7 {[%emt 0:02:57] [#] 6...Nc6 is becoming the main line. A49: 1 d4 Nf6 2 Nf3 g6 3 g3: Anti-King's Indian systems.} 7. Nc4 $146 ({Predecessor:} 7. b3 Qc8 8. Bb2 c5 9. c4 cxd4 10. Nxd4 Bh3 11. Qc2 Bxg2 12. Kxg2 b6 13. f3 Qb7 14. e4 {0-1 (41) Wichmann,C (2215)-Lanka,Z (2510) Munich 1996}) 7... Bb5 8. Nfd2 d5 9. Ne5 e6 10. a4 Bc6 11. e3 Nfd7 12. Nd3 e5 13. c3 exd4 14. cxd4 b6 15. b4 Nf6 16. b5 Bb7 17. Ba3 Re8 18. Ne5 c6 19. f4 cxb5 20. axb5 Nbd7 21. Ndf3 Nxe5 22. Nxe5 $11 (22. dxe5 $16 Ne4 23. Nd2) 22... Nd7 23. Bh3 Nxe5 24. fxe5 Bc8 25. Bg2 Be6 26. Bd6 Bf8 27. Bxf8 Rxf8 28. e4 (28. Qa4 $14) 28... Qd7 29. Qd3 dxe4 30. Bxe4 Bd5 31. Rf6 Bxe4 32. Qxe4 Rad8 33. Rd6 Qxb5 34. Rxd8 Rxd8 35. Rxa7 Qc4 36. Ra8 Rxa8 37. Qxa8+ Kg7 38. Qd8 1/2-1/2

[Event "Int SVK-ch Open 2020"]
[Site "Drienica"]
[Date "2020.08.12"]
[Round "6.16"]
[White "Sedlak, Mikulas"]
[Black "Recky, Norbert"]
[Result "1/2-1/2"]
[ECO "B98"]
[WhiteElo "1573"]
[BlackElo "1811"]
[Annotator "NA"]
[PlyCount "66"]
[EventDate "2020.08.07"]
[EventType "swiss"]
[EventCountry "SVK"]
[SourceTitle "playchess.com"]
[Source "ChessBase"]
[SourceQuality "1"]
[TimeControl "40/5400+30:1800+30"]

1. e4 c5 2. Nf3 d6 3. d4 cxd4 4. Nxd4 Nf6 5. Nc3 a6 6. Bg5 e6 7. f4 Be7 8. Qf3 Qc7 9. O-O-O Nc6 10. Nxc6 bxc6 11. e5 {[%emt 0:01:11] B98: Sicilian Najdorf: 6 Bg5 e6 7 f4 Be7, sidelines.} dxe5 12. fxe5 Nd5 $1 13. Bxe7 Qxe7 14. Ne4 O-O 15. Bc4 Bb7 {[%emt 0:03:45] [#]} 16. Bb3 $146 ({Predecessor:} 16. Qg3 Kh8 17. Rhe1 Rab8 18. a3 a5 19. h4 Ba8 20. Ng5 Rb6 21. Qd3 g6 22. Rf1 {0-1 (64) Kreie,G (1968)-Rogulis,U (1764) Lieme 2005}) 16... a5 17. a4 Rab8 18. c4 Nb6 19. c5 Nd7 20. Qc3 Ba8 21. Bc2 f6 22. exf6 Nxf6 23. Nd6 Nd5 24. Qe5 Rf6 25. Ne4 Rff8 26. Ng5 g6 27. h4 Qf6 28. Qxe6+ Qxe6 29. Nxe6 Rf2 30. Rd2 Rxd2 $16 31. Kxd2 Rxb2 32. Rb1 Rxb1 33. Bxb1 Kf7 1/2-1/2

[Event "Int SVK-ch Open 2020"]
[Site "Drienica"]
[Date "2020.08.13"]
[Round "6.17"]
[White "Mandak, Miroslav"]
[Black "Varga, Lukas"]
[Result "0-1"]
[ECO "A38"]
[WhiteElo "1927"]
[BlackElo "2040"]
[Annotator "ChessBase"]
[PlyCount "100"]
[EventDate "2020.08.07"]
[EventType "swiss"]
[EventCountry "SVK"]
[TimeControl "40/5400+30:1800+30"]

1. Nf3 c5 2. c4 Nf6 3. Nc3 g6 4. g3 Bg7 5. Bg2 O-O 6. d3 Nc6 7. O-O d6 8. Rb1 Bd7 9. Bd2 Nd4 10. e3 Nxf3+ 11. Bxf3 Bc6 12. Bxc6 bxc6 13. Ne2 h5 14. h4 Qd7 15. Kg2 a5 16. Bc3 a4 17. Qc2 Qf5 18. e4 Qd7 19. f3 e5 20. Bd2 Ra7 21. a3 Nh7 22. Nc3 Rfa8 23. Be3 Nf8 24. Rbe1 Ne6 25. Ne2 Rb7 26. Kh2 Rab8 27. Bc1 Rb3 28. Nc3 Bh6 29. Rf2 Nd4 30. Qd1 Bxc1 31. Qxc1 Rxb2 32. Kg2 R2b3 33. Rd1 Kg7 34. Qa1 Qd8 35. f4 Qa5 36. Ne2 Rb2 37. Nxd4 Rxf2+ 38. Kxf2 cxd4 39. fxe5 dxe5 40. Qa2 Qc3 41. Rd2 Qc1 42. Qc2 Qh1 43. Qd1 Qh3 44. Qf1 Qh2+ 45. Qg2 Qxg2+ 46. Kxg2 Rb3 47. Kf3 Rxa3 48. Ke2 Rb3 49. Ra2 a3 50. Kd2 f5 0-1

[Event "Int SVK-ch Open 2020"]
[Site "Drienica"]
[Date "2020.08.12"]
[Round "6.17"]
[White "Marsina, Stefan"]
[Black "Kapolkova, Greta"]
[Result "0-1"]
[ECO "D02"]
[WhiteElo "1854"]
[BlackElo "1510"]
[Annotator "NA"]
[PlyCount "77"]
[EventDate "2020.08.07"]
[EventType "swiss"]
[EventCountry "SVK"]
[SourceTitle "playchess.com"]
[Source "ChessBase"]
[SourceQuality "1"]
[TimeControl "40/5400+30:1800+30"]

1. d4 d5 2. Bf4 Nf6 3. Nf3 c5 4. c3 Qb6 5. Qb3 c4 6. Qc2 {[%emt 0:01:34] D02: 1 d4 d5 2 Nf3 sidelines, including 2...Nf6 3 g3 and 2...Nf6 3 Bf4.} Nc6 7. Nbd2 Bg4 8. e4 e6 9. Be2 Be7 10. O-O O-O 11. Rfe1 {[%emt 0:02:06] [#]} Rfd8 $146 ({Predecessor:} 11... Rfe8 12. Ne5 Bxe2 13. Rxe2 Nxe5 14. Bxe5 Qc6 15. Rae1 b5 16. exd5 Qxd5 17. Nf3 Nd7 {½-½ (63) Vestly,J (2119)-Rose,D (2165) Oslo 2006}) 12. Ne5 Bxe2 13. Rxe2 Nxe5 14. Bxe5 Nd7 (14... Qc6 $11) 15. exd5 Nxe5 16. Rxe5 Bf6 17. Rh5 ({Much weaker is} 17. Nxc4 Qc7 $15) ({White should try} 17. dxe6 $16 Bxe5 18. exf7+ Kxf7 19. Nxc4 (19. dxe5 Qg6 $16) 19... Bxh2+ 20. Kxh2) 17... g6 18. Rh3 exd5 19. Nf3 Re8 20. Qd2 Bg7 21. Rb1 Qf6 22. Re1 Rxe1+ 23. Nxe1 Re8 24. Rf3 (24. Re3 $11 Rxe3 25. Qxe3) 24... Bh6 25. Rxf6 Bxd2 26. Nf3 Bc1 27. Rd6 Bxb2 28. Rxd5 Bxc3 29. Kf1 a6 30. a4 Rb8 31. Rc5 b5 32. axb5 axb5 33. d5 Bf6 34. d6 c3 35. Ne1 b4 36. d7 Rd8 37. Rc4 b3 38. Rb4 $19 b2 39. Rc4 0-1

[Event "Int SVK-ch Open 2020"]
[Site "Drienica"]
[Date "2020.08.12"]
[Round "6.18"]
[White "Kulich, Daniel"]
[Black "Soldan, Jan"]
[Result "1/2-1/2"]
[ECO "A45"]
[WhiteElo "1492"]
[BlackElo "1783"]
[Annotator "NA"]
[PlyCount "68"]
[EventDate "2020.08.07"]
[EventType "swiss"]
[EventCountry "SVK"]
[SourceTitle "playchess.com"]
[Source "ChessBase"]
[SourceQuality "1"]
[TimeControl "40/5400+30:1800+30"]

1. d4 Nf6 2. Bf4 g6 3. Nc3 a6 4. e4 d6 5. Qd2 Bg7 6. Bh6 O-O 7. Bxg7 Kxg7 8. f3 Nbd7 9. g4 e5 10. d5 b5 11. O-O-O Nb6 12. h4 h5 13. gxh5 Nxh5 14. Qe1 Bd7 15. Nce2 Rh8 16. Bh3 Nc4 17. Bxd7 Qxd7 18. Ng3 a5 19. N1e2 b4 20. Nxh5+ Rxh5 21. Ng3 Rh7 22. h5 Rah8 23. Qe2 Nb6 24. Rdg1 Kf8 25. hxg6 fxg6 26. Qf1 Qf7 27. Ne2 Rxh1 28. Rxh1 Rxh1 29. Qxh1 Kg7 30. Qg2 Qf8 31. Qh3 a4 32. b3 a3 33. Kd2 Qf6 34. Qg4 Qf7 1/2-1/2

[Event "Int SVK-ch Open 2020"]
[Site "Drienica"]
[Date "2020.08.13"]
[Round "6.19"]
[White "Belis, Rudolf"]
[Black "Sevcikova, Lucia"]
[Result "1-0"]
[ECO "D37"]
[WhiteElo "1924"]
[BlackElo "2017"]
[Annotator "ChessBase"]
[PlyCount "63"]
[EventDate "2020.08.07"]
[EventType "swiss"]
[EventCountry "SVK"]
[TimeControl "40/5400+30:1800+30"]

1. d4 e6 2. c4 d5 3. Nf3 Nf6 4. Nc3 Be7 5. Bf4 c6 6. e3 Nbd7 7. Qc2 O-O 8. g4 dxc4 9. Bxc4 Nd5 10. Bg3 N7b6 11. Bd3 g6 12. a3 Nxc3 13. Qxc3 Nd5 14. Qc2 Qa5+ 15. Ke2 Bd7 16. Ne5 Rad8 17. h4 c5 18. dxc5 Qxc5 19. Qxc5 Bxc5 20. g5 Ba4 21. h5 Bd6 22. Rh4 Bxe5 23. Bxe5 Bc6 24. Rah1 Rd7 25. R1h3 a6 26. hxg6 fxg6 27. Bxg6 hxg6 28. Rh8+ Kf7 29. Rf3+ Ke7 30. Rhxf8 Nc3+ 31. bxc3 Bxf3+ 32. Rxf3 1-0

[Event "Int SVK-ch Open 2020"]
[Site "Drienica"]
[Date "2020.08.12"]
[Round "6.19"]
[White "Ivanecka, Natalia"]
[Black "Kubikova, Nina"]
[Result "1-0"]
[ECO "C55"]
[WhiteElo "1641"]
[BlackElo "1256"]
[Annotator "NA"]
[PlyCount "40"]
[EventDate "2020.08.07"]
[EventType "swiss"]
[EventCountry "SVK"]
[SourceTitle "playchess.com"]
[Source "ChessBase"]
[SourceQuality "1"]
[TimeControl "40/5400+30:1800+30"]

1. e4 e5 2. Nf3 Nc6 3. Bc4 Nf6 4. d3 Be7 5. O-O O-O 6. Re1 d6 7. h3 Be6 8. Nbd2 h6 9. c3 d5 10. exd5 Nxd5 11. Nxe5 Nxe5 12. Rxe5 Bd6 13. Re1 Qd7 14. Qf3 Rae8 15. Ne4 f5 16. Nxd6 Qxd6 17. Rxe6 Rxe6 18. Bxd5 Rff6 19. Bxe6+ Rxe6 20. Bf4 Qd8 1-0

[Event "Int SVK-ch Open 2020"]
[Site "Drienica"]
[Date "2020.08.13"]
[Round "6.20"]
[White "Geffert, Anton"]
[Black "Panko Eduard ml."]
[Result "0-1"]
[ECO "A90"]
[WhiteElo "1909"]
[BlackElo "2007"]
[Annotator "ChessBase"]
[PlyCount "68"]
[EventDate "2020.08.07"]
[EventType "swiss"]
[EventCountry "SVK"]
[TimeControl "40/5400+30:1800+30"]

1. d4 e6 2. c4 f5 3. g3 Nf6 4. Bg2 d5 5. b3 c6 6. Nf3 Bd6 7. O-O Qe7 8. Qc2 O-O 9. Bb2 Bd7 10. Nbd2 Be8 11. Ne5 Bh5 12. Ndf3 Ne4 13. Rac1 Nd7 14. Nxd7 Qxd7 15. Ne5 Qc7 16. f3 Nf6 17. c5 Be7 18. b4 Nd7 19. a4 Nxe5 20. dxe5 f4 21. g4 Bg6 22. Qb3 Bg5 23. Bd4 h5 24. h3 hxg4 25. hxg4 Qe7 26. Bf2 Kf7 27. Qc3 Rh8 28. b5 Rh7 29. a5 Bh4 30. Qe1 Bxf2+ 31. Qxf2 Rah8 32. a6 Qg5 33. axb7 Qh6 34. Qd4 Qh2+ 0-1

[Event "Int SVK-ch Open 2020"]
[Site "Drienica"]
[Date "2020.08.12"]
[Round "6.20"]
[White "Kulich, Filip"]
[Black "Kucik, Patrik"]
[Result "1-0"]
[ECO "C50"]
[WhiteElo "1397"]
[BlackElo "1572"]
[Annotator "NA RC"]
[PlyCount "105"]
[EventDate "2020.08.07"]
[EventType "swiss"]
[EventCountry "SVK"]
[SourceTitle "playchess.com"]
[Source "ChessBase"]
[SourceQuality "1"]
[TimeControl "40/5400+30:1800+30"]

1. e4 e5 2. Nf3 Nc6 3. Bc4 d6 4. c3 Be7 5. d3 Nf6 6. O-O Bg4 7. Nbd2 O-O 8. b4 a6 9. a4 d5 10. exd5 Nxd5 11. Bb2 Nf4 12. Qc2 Bd6 13. b5 axb5 14. axb5 Na5 15. Ra4 Nxc4 16. Rxc4 Qf6 17. g3 Bh3 18. Re1 Qg6 19. Rce4 f5 20. Nxe5 Bxe5 21. Rxe5 Bg4 22. c4 Ra2 23. Re7 Rxb2 24. Qxb2 Nxd3 25. Qb3 Nxe1 26. c5+ Kh8 27. Rxe1 f4 28. f3 Bh3 29. Kf2 fxg3+ 30. hxg3 Rd8 31. Qe3 h6 32. Rh1 Bf5 33. Nc4 Re8 34. Qd4 Bd3 35. Ne5 Qf5 36. Nxd3 Qg5 37. Qf4 Qd5 38. Rd1 Qe6 39. Qd2 Qh3 40. Nf4 Qh2+ 41. Ng2 Qh5 42. Qd5 Qg6 43. Nf4 Qc2+ 44. Rd2 Qc1 45. Re2 Ra8 46. Ng6+ Kh7 47. Qf5 Qh1 48. Nf4+ Kg8 49. Qe6+ Kh8 50. Qf7 Qh2+ 51. Ng2 Ra1 52. Re8+ Kh7 53. Qf5+ 1-0

[Event "Int SVK-ch Open 2020"]
[Site "Drienica"]
[Date "2020.08.13"]
[Round "6.22"]
[White "Striskova, Lucia"]
[Black "Priechodsky, Radovan"]
[Result "0-1"]
[ECO "A35"]
[WhiteElo "1706"]
[BlackElo "1975"]
[Annotator "ChessBase"]
[PlyCount "74"]
[EventDate "2020.08.07"]
[EventType "swiss"]
[EventCountry "SVK"]
[TimeControl "40/5400+30:1800+30"]

1. c4 c5 2. Nc3 Nc6 3. Nf3 g6 4. e3 Bg7 5. d4 b6 6. d5 Ne5 7. Nxe5 Bxe5 8. f4 Bg7 9. e4 d6 10. Be3 Nf6 11. Be2 O-O 12. h3 e6 13. g4 exd5 14. cxd5 Re8 15. Bd3 Bb7 16. Qf3 Nxe4 17. Bxe4 Bxc3+ 18. bxc3 Qe7 19. Kf2 Qxe4 20. Qxe4 Rxe4 21. Rad1 Rae8 22. Rhe1 f5 23. g5 a6 24. Rd3 Kf7 25. Kf3 b5 26. Kf2 a5 27. a3 Ra4 28. Bc1 Rxe1 29. Kxe1 Ba6 30. Rf3 Re4+ 31. Kf2 b4 32. cxb4 axb4 33. axb4 cxb4 34. Rb3 Bb5 35. Bd2 Re2+ 36. Kg3 Rxd2 37. Rxb4 Rxd5 0-1

[Event "Int SVK-ch Open 2020"]
[Site "Drienica"]
[Date "2020.08.12"]
[Round "6.22"]
[White "Horbalova, Ivana"]
[Black "Cisarik, Pavol"]
[Result "1-0"]
[ECO "C77"]
[WhiteElo "1306"]
[BlackElo "1635"]
[Annotator "NA"]
[PlyCount "71"]
[EventDate "2020.08.07"]
[EventType "swiss"]
[EventCountry "SVK"]
[SourceTitle "playchess.com"]
[Source "ChessBase"]
[SourceQuality "1"]
[TimeControl "40/5400+30:1800+30"]

1. e4 e5 2. Nf3 Nc6 3. Bb5 a6 4. Ba4 Nf6 5. Qe2 d6 6. h3 b5 7. Bb3 Na5 8. O-O Nxb3 9. axb3 Bb7 10. d3 Be7 11. Bg5 O-O 12. Rd1 Nd7 13. Be3 c5 14. Nbd2 f5 15. exf5 Rxf5 16. Ne4 Qc7 17. c4 b4 18. Bg5 Bxe4 19. Qxe4 Bxg5 20. Qxa8+ Kf7 21. Qd5+ Ke7 22. Rxa6 Nb6 23. Qe4 Rf4 24. Qxh7 Bf6 25. Rda1 Ke6 26. Qg8+ Kf5 27. g4+ Kg6 28. Qh8 Bd8 29. Qh5+ Kf6 30. g5+ Kf5 31. Nh4+ Ke6 32. Qg6+ Bf6 33. Qe8+ Be7 34. Ra7 Qd8 35. Qg6+ Bf6 36. Qf7# 1-0

[Event "Int SVK-ch Open 2020"]
[Site "Drienica"]
[Date "2020.08.12"]
[Round "6.23"]
[White "Gulas, Gabriel"]
[Black "Andras, Anton"]
[Result "1/2-1/2"]
[ECO "C02"]
[WhiteElo "1472"]
[BlackElo "1582"]
[Annotator "NA"]
[PlyCount "45"]
[EventDate "2020.08.07"]
[EventType "swiss"]
[EventCountry "SVK"]
[SourceTitle "playchess.com"]
[Source "ChessBase"]
[SourceQuality "1"]
[TimeControl "40/5400+30:1800+30"]

1. e4 e6 2. d4 d5 3. e5 c5 4. c3 Qb6 5. Nf3 Bd7 6. Be2 Bb5 7. O-O Bxe2 8. Qxe2 cxd4 9. cxd4 Ne7 10. Nbd2 Nec6 11. Nb3 Be7 12. Rd1 Qa6 13. Qc2 Nd7 14. Bf4 O-O 15. a3 Qa4 16. Rac1 Rac8 17. Qd3 Na5 18. Nxa5 Qxa5 19. Ng5 Bxg5 20. Bxg5 h6 21. Bxh6 gxh6 22. Qg3+ Kh7 23. Qd3+ 1/2-1/2

[Event "Int SVK-ch Open 2020"]
[Site "Drienica"]
[Date "2020.08.13"]
[Round "6.24"]
[White "Ondo, Tomas"]
[Black "Paluska, Karol"]
[Result "1/2-1/2"]
[ECO "B13"]
[WhiteElo "2065"]
[BlackElo "1873"]
[Annotator "ChessBase"]
[PlyCount "64"]
[EventDate "2020.08.07"]
[EventType "swiss"]
[EventCountry "SVK"]
[TimeControl "40/5400+30:1800+30"]

1. e4 c6 2. d4 d5 3. exd5 cxd5 4. Bd3 Nc6 5. c3 Nf6 6. Bf4 Bg4 7. Qb3 Qb6 8. Qxb6 axb6 9. h3 Bh5 10. Na3 Kd7 11. Nb5 Rc8 12. Ne2 e6 13. a4 Bg6 14. Nc1 Ne8 15. O-O Bd6 16. Bxd6 Nxd6 17. Bxg6 hxg6 18. Nd3 Ra8 19. f4 f6 20. Nxd6 Kxd6 21. b4 Rhc8 22. Ra3 Ra7 23. Nb2 b5 24. Rfa1 Rca8 25. Kf2 bxa4 26. Rxa4 b5 27. Rxa7 Rxa7 28. Rxa7 Nxa7 29. Nd3 Nc8 30. Ne1 Ke7 31. Nf3 Nd6 32. Ke3 Nc4+ 1/2-1/2

[Event "Int SVK-ch Open 2020"]
[Site "Drienica"]
[Date "2020.08.12"]
[Round "6.24"]
[White "Sevcik, Ondrej"]
[Black "Ihnat, Marek"]
[Result "1/2-1/2"]
[ECO "C01"]
[WhiteElo "1017"]
[BlackElo "2065"]
[Annotator "ChessBase"]
[PlyCount "43"]
[EventDate "2020.08.07"]
[EventType "swiss"]
[EventCountry "SVK"]
[SourceTitle "playchess.com"]
[Source "ChessBase"]
[SourceQuality "1"]
[TimeControl "40/5400+30:1800+30"]

1. e4 e6 2. d4 d5 3. exd5 exd5 4. Nc3 c6 5. Bd3 Bd6 6. Nge2 Ne7 7. O-O Qc7 8. g3 Bf5 9. Bf4 Nd7 10. Qd2 O-O-O 11. a3 h6 12. b4 b5 13. a4 Bxf4 14. Nxf4 g5 15. Nfe2 bxa4 16. Rxa4 Nb6 17. Ra5 Kd7 18. Rfa1 Ra8 19. Bxf5+ Nxf5 20. Qd3 Nd6 21. Qf3 f5 22. Ra6 1/2-1/2

[Event "Int SVK-ch Open 2020"]
[Site "Drienica"]
[Date "2020.08.13"]
[Round "6.25"]
[White "Walterova, Ema"]
[Black "Brnusak, Tomas"]
[Result "0-1"]
[ECO "C01"]
[WhiteElo "1790"]
[BlackElo "2044"]
[Annotator "ChessBase"]
[PlyCount "86"]
[EventDate "2020.08.07"]
[EventType "swiss"]
[EventCountry "SVK"]
[TimeControl "40/5400+30:1800+30"]

1. e4 e6 2. d4 d5 3. exd5 exd5 4. Nf3 Bd6 5. Nc3 Ne7 6. Bd2 c6 7. h3 O-O 8. Bd3 Bf5 9. Be2 Ng6 10. Qc1 Re8 11. O-O Qc8 12. h4 Bg4 13. Be3 f5 14. Ne5 Nxe5 15. dxe5 Bxe2 16. Nxe2 Bxe5 17. Bd4 Nd7 18. Qg5 c5 19. Bxe5 Nxe5 20. Ng3 g6 21. Nh5 Nd7 22. Rad1 Qc6 23. Rd3 Re4 24. Nf4 d4 25. h5 Qf6 26. Qg3 Qd6 27. hxg6 Qxf4 28. gxh7+ Kh8 29. Qg6 Qg4 30. Qf7 Qg7 31. Qxf5 Rg4 32. Rg3 Rxg3 33. fxg3 Rf8 34. Qd5 Rxf1+ 35. Kxf1 b6 36. Qa8+ Qf8+ 37. Qxf8+ Nxf8 38. Ke2 c4 39. b3 b5 40. Kf3 Kxh7 41. Ke4 Ne6 42. a3 Kg6 43. g4 d3 0-1

[Event "Int SVK-ch Open 2020"]
[Site "Drienica"]
[Date "2020.08.13"]
[Round "7.1"]
[White "Manik, Mikulas"]
[Black "Bures, Jaroslav"]
[Result "1/2-1/2"]
[ECO "B11"]
[WhiteElo "2366"]
[BlackElo "2386"]
[Annotator "ChessBase"]
[PlyCount "25"]
[EventDate "2020.08.07"]
[EventType "swiss"]
[EventCountry "SVK"]
[SourceTitle "playchess.com"]
[Source "ChessBase"]
[SourceQuality "1"]
[TimeControl "40/5400+30:1800+30"]

1. e4 c6 2. Nf3 d5 3. Nc3 Bg4 4. h3 Bxf3 5. Qxf3 Nf6 6. g3 e6 7. Bg2 Bc5 8. O-O Bd4 9. d3 Nbd7 10. Nd1 Qc7 11. Kh1 Rd8 12. Qe2 dxe4 13. dxe4 1/2-1/2

[Event "Int SVK-ch Open 2020"]
[Site "Drienica"]
[Date "2020.08.13"]
[Round "7.1"]
[White "Banoci, Jaroslav"]
[Black "Sedlakova, Ivana"]
[Result "1-0"]
[ECO "D05"]
[WhiteElo "1833"]
[BlackElo "1983"]
[Annotator "ChessBase"]
[PlyCount "45"]
[EventDate "2020.08.07"]
[EventType "swiss"]
[EventCountry "SVK"]
[SourceTitle "playchess.com"]
[Source "ChessBase"]
[SourceQuality "1"]
[TimeControl "40/5400+30:1800+30"]

1. d4 d5 2. Nf3 Nf6 3. e3 e6 4. Bd3 Nbd7 5. Nbd2 c5 6. b3 Bd6 7. Bb2 O-O 8. Ne5 b6 9. f4 Bb7 10. Qf3 Qc7 11. c3 a5 12. O-O c4 13. Bc2 b5 14. Rac1 g6 15. Bb1 Ne8 16. Qh3 f5 17. Qh6 Ndf6 18. h3 Rc8 19. Ndf3 Qg7 20. Qh4 h6 21. Kh2 Kh7 22. Ng5+ Kg8 23. Rg1 1-0

[Event "Int SVK-ch Open 2020"]
[Site "Drienica"]
[Date "2020.08.13"]
[Round "7.2"]
[White "Skovran, Jaroslav"]
[Black "Lehocz, Jozsef Jr."]
[Result "1/2-1/2"]
[ECO "B50"]
[WhiteElo "1975"]
[BlackElo "1534"]
[Annotator "ChessBase"]
[PlyCount "55"]
[EventDate "2020.08.07"]
[EventType "swiss"]
[EventCountry "SVK"]
[SourceTitle "playchess.com"]
[Source "ChessBase"]
[SourceQuality "1"]
[TimeControl "40/5400+30:1800+30"]

1. e4 c5 2. Nf3 d6 3. g3 Nc6 4. Bg2 Nf6 5. d3 g6 6. O-O Bg7 7. Nc3 O-O 8. h3 Bd7 9. Ne2 b5 10. c3 a5 11. Qc2 b4 12. Rb1 Qc8 13. Kh2 Be6 14. c4 Rb8 15. Qd1 Qa6 16. Be3 Rfc8 17. Qd2 b3 18. a3 Bd7 19. Nc3 a4 20. Ng1 Qa5 21. Rbd1 Nd4 22. Bxd4 cxd4 23. Nce2 Qxd2 24. Rxd2 e5 25. f4 Bh6 26. Rdd1 Ne8 27. g4 g5 28. f5 1/2-1/2